 Dungeon Crawl Stone Soup version 0.24.1-4-ge52af88ad5 (webtiles) character file.

Game seed: 18358522677626122157, levelgen mode: deterministic

69 Gruesph the Ruffian (level 4, -12/35 HPs)
             Began as a Draconian Transmuter on Apr 16, 2020.
             Killed by divine providence
             ... invoked by an orc priest
              (13 damage)
             ... on level 3 of the Dungeon.
             The game lasted 00:07:41 (2059 turns).

Gruesph the Ruffian (Draconian Transmuter)          Turns: 2059, Time: 00:07:42

Health: -12/35     AC:  5    Str: 13    XL:     4   Next: 2%
Magic:  2/7        EV: 12    Int: 13    God:
Gold:   112        SH:  0    Dex: 12    Spells: 1/7 levels left

rFire    . . .     SeeInvis .     - Unarmed
rCold    . . .     Gourm    .   (no shield)
rNeg     . . .     Faith    .   (armour unavailable)
rPois    .         Spirit   .   (helmet restricted)
rElec    .         Reflect  .   (no cloak)
rCorr    .         Harm     .   (no gloves)
MR       .....                  (no boots)
Stlth    +.........             (no amulet)
HPRegen  0.11/turn              (no ring)
MPRegen  0.10/turn              (no ring)

@: very slightly contaminated
A: unfitting armour, cold-blooded, AC +5
a: no special abilities


You were on level 3 of the Dungeon.
You were not hungry.

You visited 1 branch of the dungeon, and saw 3 of its levels.

You collected 112 gold pieces.

Inventory:

Hand Weapons
 b - a +0 hunting sling
Missiles
 a - 47 arrows
 d - 81 stones
 o - 2 throwing nets
 s - 11 poisoned darts (quivered)
Jewellery
 q - a +2 ring of dexterity {unknown}
 t - a +1 ring of evasion {unknown}
 u - an uncursed ring of wizardry {unknown}
Scrolls
 c - 3 scrolls of amnesia {unknown}
 j - a scroll of fear {unknown}
 k - 2 scrolls of identify {unknown}
 m - a scroll of enchant armour {unknown}
 n - 4 scrolls of enchant weapon {unknown}
 p - a scroll of immolation {unknown}
 r - a scroll of random uselessness {unknown}
 w - a scroll of teleportation {unknown}
Potions
 e - a potion of berserk rage {unknown}
 g - 2 potions of curing {unknown}
 h - a potion of haste {unknown}
 i - a potion of might {unknown}
 l - 2 potions of flight {unknown}
 v - a potion of heal wounds {unknown}
 x - a potion of lignification {unknown}
 z - a potion of mutation {unknown}
Comestibles
 f - 2 rations


   Skills:
 - Level 1.1 Fighting
 - Level 1.7 Dodging
 + Level 4.8 Unarmed Combat
 - Level 2.0 Spellcasting
 - Level 2.0 Transmutations
 + Level 0.7 Poison Magic


You had one spell level left.
You knew the following spells:

 Your Spells              Type           Power        Failure   Level  Hunger
a - Beastly Appendage     Tmut           #.....       11%         1    ##.....
b - Sticks to Snakes      Tmut           #.......     17%         2    ###....
c - Spider Form           Tmut/Pois      #.........   41%         3    ####...

Your spell library contained the following spells:

 Spells                   Type           Power        Failure   Level  Hunger
 Ice Form                 Ice/Tmut       #.......     86%         4    #####..
 Blade Hands              Tmut           #.........   97%         5    ######.


Dungeon Overview and Level Annotations

Branches:
Dungeon (3/15)

Altars:
Ru
Xom


Innate Abilities, Weirdness & Mutations

Your plain brown scales are hard. (AC +5)
You cannot fit into any form of body armour.
You are cold-blooded and may be slowed by cold attacks.


Message History

Confirm with . or Enter, or press ? or * to list all spells.
You create a snake!
You now have 47 arrows.
The giant cockroach misses you. The orc hits you but does no damage.
The giant cockroach barely misses you.
You swap places.
The giant cockroach bites your ball python. x2
Your ball python barely misses the giant cockroach. x2
The orc closely misses you.
The orc priest calls down the wrath of Beogh upon you.
Beogh smites you!
* * * LOW HITPOINT WARNING * * *
The orc hits you with a +0 club.
* * * LOW HITPOINT WARNING * * *
The giant cockroach closely misses your ball python.
The giant cockroach barely misses your ball python.
Your ball python bites the giant cockroach but does no damage.
Your ball python grabs the giant cockroach.
Your ball python constricts the giant cockroach.
The orc priest calls down the wrath of Beogh upon you.
Beogh smites you!
You die...

.####.................#
............#.........#
............)..........
............#.........#
.####............###..#
#...######........# #...#
###.###### #...# #.#
###@###### #.# #.oo.....#
#.# #.S#.#.#.# #.# ####
..###ss#.#.#.####.###..(
..o..o.................##
...###....!.#.####.#####
K #......# #.# #........
#.# ###...#### #.#


You could see an orc priest, 2 orcs, 2 giant cockroaches and a friendly ball
python.

Vanquished Creatures
  An adder (D:2)
  An ooze (D:3)
  3 dart slugs
  A leopard gecko (D:1)
  3 orcs (D:3)
  A ball python (D:1)
  6 bats
  3 hobgoblins
  3 jackals
  7 kobolds
  A quokka (D:2)
  4 frilled lizards
  5 goblins
  5 rats
44 creatures vanquished.

Vanquished Creatures (collateral kills)
  A dart slug (D:2)
1 creature vanquished.

Grand Total: 45 creatures vanquished

Notes
Turn   | Place    | Note
-------+----------+-------------------------------------------
     0 | D:1      | Gruesph the Draconian Transmuter began the quest for the
                  | Orb.
     0 | D:1      | Reached XP level 1. HP: 16/16 MP: 3/3
   283 | D:1      | Reached XP level 2. HP: 23/23 MP: 5/5
   287 | D:1      | Learned a level 2 spell: Sticks to Snakes
   489 | D:1      | Reached skill level 4 in Unarmed Combat
   909 | D:2      | Reached XP level 3. HP: 28/28 MP: 6/6
   937 | D:2      | Found a sacrificial altar of Ru.
  1462 | D:2      | Found a faded altar of an unknown god.
  1670 | D:2      | Learned a level 3 spell: Spider Form
  1686 | D:3      | Found a shimmering altar of Xom.
  1911 | D:3      | Reached XP level 4. HP: 26/35 MP: 7/7
  2059 | D:3      | HP: 1/35 [orc/+0 club (6)]
  2059 | D:3      | Killed from afar by an orc priest

Levels and vault maps discovered:
D:1:      minmay_arrival_plants_in_alcoves, layout_basic
D:2:      layout_rooms, chequers_ecumenical_altar_island, first_ration,
          nicolae_ru_awakened_eye
D:3:      layout_loops_cross, xom_teletrap_fun, uniq_jessica

Skill      XL: |  1  2 |
---------------+-------+-----
Unarmed Combat | 4 |  4.8
Fighting       | |  1.1
Dodging        | |  1.7
Spellcasting   | |  2.0
Transmutations | |  2.0
Poison Magic   | |  0.7

Action                   |  1- 3 |  4- 6 || total
-------------------------+-------+-------++-------
Melee: Unarmed           |   106 |     7 ||   113
       Tailslap          |    14 |     1 ||    15
       Punch             |       |     1 ||     1
 Fire: Hunting sling     |    20 |       ||    20
Throw: Stone             |     3 |       ||     3
 Cast: Sticks to Snakes  |     2 |     2 ||     4
 Stab: Sleeping          |     2 |       ||     2
  Eat: Chunk             |     3 |     1 ||     4
Armor: Skin              |    43 |     3 ||    46
Dodge: Dodged            |    89 |    11 ||   100
